 Dungeon Crawl Stone Soup version 0.26-a0-662-g8b9c6dab81 (webtiles) character file.

Game seed: 3691528906404994297

1506 grandjackal the Skirmisher (level 8, -5/64 HPs)
             Began as a Demonspawn Gladiator on Oct 9, 2020.
             Was an Initiate of Yredelemnul.
             Killed from afar by a gargoyle (21 damage)
             ... with a stone arrow
             ... on level 7 of the Dungeon.
             The game lasted 00:06:57 (7225 turns).

grandjackal the Skirmisher (Demonspawn Gladiator)   Turns: 7225, Time: 00:06:58

Health: -5/64      AC:  7    Str: 17    XL:     8   Next: 52%
Magic:  19/19      EV: 20    Int: 10    God:    Yredelemnul [......]
Gold:   331        SH:  0    Dex: 14    Spells: 7/7 levels left

rFire    . . .     SeeInvis .   a - +0 long sword
rCold    . . .     Faith    .   (no shield)
rNeg     . . .     Spirit   .   b - +0 leather armour
rPois    .         Reflect  .   c - +0 helmet
rElec    .         Harm     .   (no cloak)
rCorr    .         Rampage  .   (no gloves)
MR       .....                  (no boots)
Stlth    +.........             (no amulet)
HPRegen  0.20/turn              q - ring of magical power
MPRegen  0.16/turn              (no ring)

@: agile
A: hooves 1, thin metallic scales 2, powered by pain 1
a: Renounce Religion


You were on level 7 of the Dungeon.
You worshipped Yredelemnul.
Yredelemnul was noncommittal.
You visited 1 branch of the dungeon, and saw 7 of its levels.

You collected 331 gold pieces.

Inventory:

Hand Weapons
 a - a +0 long sword (weapon)
 g - a +1 dagger of protection
 s - a +4 dagger of draining
Missiles
 d - 2 throwing nets (quivered)
 D - 3 datura-tipped darts
Armour
 b - a +0 leather armour (worn)
 c - a +0 helmet (worn)
Jewellery
 q - a ring of magical power (left hand)
Wands
 y - a wand of disintegration (1)
 E - a wand of digging (8)
 G - a wand of enslavement (3)
Scrolls
 h - 3 scrolls of identify {unknown}
 i - 3 scrolls of amnesia {unknown}
 j - a scroll of noise {unknown}
 k - a scroll of enchant armour {unknown}
 n - 4 scrolls of remove curse {unknown}
 o - 4 scrolls of teleportation {unknown}
 r - 2 scrolls of immolation {unknown}
 t - 5 scrolls of magic mapping {unknown}
 v - a scroll of blinking {unknown}
 x - a scroll of fog {unknown}
 C - a scroll of enchant weapon {unknown}
 F - a scroll of silence {unknown}
Potions
 e - 8 potions of curing
 f - a potion of brilliance {unknown}
 l - a potion of stabbing {unknown}
 m - a potion of invisibility {unknown}
 p - 2 potions of lignification {unknown}
 u - a potion of cancellation {unknown}
 w - a potion of might {unknown}
 z - 3 potions of degeneration {unknown}
 A - 3 potions of heal wounds {unknown}
 B - a potion of berserk rage {unknown}


   Skills:
 + Level 6.1 Fighting
 + Level 6.0 Long Blades
 - Level 1.7 Throwing
 + Level 5.9 Dodging
 + Level 3.9 Invocations


You had 7 spell levels left.
You didn't know any spells.
Your spell library contained the following spells:

 Spells                   Type           Power        Failure   Level
 Magic Dart               Conj           #...         43%         1
 Blink                    Tloc           N/A          56%         2
 Call Imp                 Summ           #.......     56%         2
 Searing Ray              Conj           #.....       56%         2
 Slow                     Hex            #.......     56%         2
 Conjure Flame            Conj/Fire      #.......     80%         3
 Dazzling Flash           Conj/Hex       #.....       80%         3
 Mephitic Cloud           Conj/Pois/Air  #.......     80%         3
 Fulminant Prism          Conj/Hex       #.........   99%         4
 Iskenderun's Mystic Bla  Conj/Tloc      #.......     99%         4


Dungeon Overview and Level Annotations

Branches:
Dungeon (7/15)
 Temple: D:4-7

Altars:
Elyvilon
Makhleb
Nemelex Xobeh
Qazlal
Uskayaw
Wu Jian
Yredelemnul


Innate Abilities, Weirdness & Mutations

You have large cloven feet.
You are mostly covered in thin metallic scales. (AC +3)
You sometimes gain a little power by taking damage.


Message History

You hit the gargoyle but do no damage.
You kick the gargoyle, but do no damage.
The gargoyle is almost destroyed.
The gargoyle misses you.
You completely miss the gargoyle.
You kick the gargoyle, but do no damage.
The gargoyle is almost destroyed.
The gargoyle hits you with a +4 mace!
* * * LOW HITPOINT WARNING * * *
You focus on the pain.
You feel more agile all of a sudden.
Throwing (i - inventory. (/) - cycle)
d - 3 throwing nets (quivered)
Press: ? - help, Shift-Dir - straight line, f - gargoyle
Aim: a gargoyle, wielding a +4 mace (almost destroyed)
You throw a throwing net.
The throwing net barely misses the gargoyle.
The gargoyle hurls a stone arrow at you.
The stone arrow hits you!!
You die...
Your body rises from the dead as a mindless zombie.

...# #.#.# ..
...######.#.##...
>....9...........
'########.#.#####
.........(.......
........c.#######
............#
####........# ###
#........####@# #
##..........9)# .#
#............#.##
#................
#...........##.#.#
#####...........#
.#
.†..............#
#
######...(......#
# ############


You could see a gargoyle.

Vanquished Creatures
  Edmund (D:6)
  A water moccasin (D:7)
  An acid dragon (D:7)
  An ice beast (D:7)
  2 ogres
  A centaur (D:6)
  2 bullfrogs
  A scorpion (D:6)
  2 jellies
  2 hounds
  Jessica (D:3)
  Ijyb (D:4)
  Terence (D:3)
  5 worker ants
  A hound zombie (D:6)
  A hound skeleton (D:4)
  Robin (D:3)
  3 gnolls
  10 adders
  2 shadow imps
  2 white imps
  5 oozes
  An adder skeleton (D:4)
  A worm (D:2)
  4 dart slugs (D:1)
  4 leopard geckos
  13 orcs
  4 giant cockroaches
  5 hobgoblins (D:2)
  5 jackals
  6 kobolds
  4 quokkas
  2 ball pythons
  6 bats
  6 frilled lizards
  24 goblins
  7 rats
139 creatures vanquished.

Vanquished Creatures (collateral kills)
  An adder skeleton (D:7)
1 creature vanquished.

Vanquished Creatures (others)
  A centaur (D:7)
  2 plants (D:6)
3 creatures vanquished.

Grand Total: 143 creatures vanquished

Notes
Turn   | Place    | Note
-------+----------+-------------------------------------------
     0 | D:1      | grandjackal the Demonspawn Gladiator began the quest for
                  | the Orb.
     0 | D:1      | Reached XP level 1. HP: 16/16 MP: 1/1
   404 | D:1      | Gained mutation: You are partially covered in thin metallic
                  | scales. (AC +2) [demonic ancestry]
   404 | D:1      | Reached XP level 2. HP: 18/22 MP: 2/2
   865 | D:1      | Reached XP level 3. HP: 28/28 MP: 3/3
  1175 | D:2      | Reached XP level 4. HP: 5/35 MP: 4/4
  1924 | D:3      | Noticed Robin
  1954 | D:2      | Gained mutation: You sometimes gain a little power by
                  | taking damage. [demonic ancestry]
  1954 | D:2      | Reached XP level 5. HP: 29/41 MP: 5/5
  2111 | D:3      | Killed Robin
  2234 | D:3      | Found a stormy altar of Qazlal.
  2381 | D:3      | Found a burning altar of Makhleb.
  2614 | D:3      | Noticed Terence
  2630 | D:3      | Killed Terence
  2764 | D:3      | Noticed Jessica
  2772 | D:3      | Killed Jessica
  3061 | D:3      | Gained mutation: You are mostly covered in thin metallic
                  | scales. (AC +3) [demonic ancestry]
  3061 | D:3      | Reached XP level 6. HP: 22/48 MP: 6/6
  3614 | D:4      | Noticed Ijyb
  3627 | D:4      | HP: 1/48 [disintegration (13)]
  3630 | D:4      | Killed Ijyb
  4468 | D:4      | Reached XP level 7. HP: 52/55 MP: 7/7
  4701 | D:4      | Found a hide-covered altar of Uskayaw.
  5032 | D:5      | Entered Level 5 of the Dungeon
  5115 | D:5      | Reached skill level 5 in Fighting
  5115 | D:5      | Reached skill level 5 in Long Blades
  5468 | D:5      | Found an ornate altar of the Wu Jian Council.
  5628 | D:6      | Reached skill level 5 in Dodging
  5963 | D:6      | Found a basalt altar of Yredelemnul.
  6022 | D:6      | Found a sparkling altar of Nemelex Xobeh.
  6050 | D:6      | Became a worshipper of Yredelemnul the Dark
  6149 | D:6      | Reached skill level 1 in Invocations
  6262 | D:6      | Found a white marble altar of Elyvilon.
  6293 | D:6      | Noticed Edmund
  6312 | D:6      | Killed Edmund
  6312 | D:6      | Gained mutation: You have large cloven feet. [demonic
                  | ancestry]
  6312 | D:6      | Reached XP level 8. HP: 48/63 MP: 9/9
  7012 | D:7      | Noticed a gargoyle
  7225 | D:7      | Killed from afar by a gargoyle

Illustrated notes

Levels and vault maps discovered:
D:1:      grunt_arrival_lava_bath, layout_basic
D:2:      layout_rooms, minmay_distorted
D:3:      layout_loops_ring, grunt_qazlal_sundering, makhleb_grotto_becter,
          uniq_jessica, uniq_robin, uniq_terence
D:4:      kennysheep_goblin_castle, layout_basic,
          eat_drink_and_be_merry_uskayaw, chequers_serial_rivers_micro_b,
          lemuel_flame_loot_1
D:5:      layout_cave_pools, kennysheep_little_box
D:6:      layout_cave_pools, yredelemnul_altar_generic, elyvilon_altar_3,
          nemelex_xobeh_ov_fountains_minmay, serial_bayou_pond_b, uniq_edmund
D:7:      layout_basic, minmay_temple_entry_waves, serial_shops, shop,
          minmay_misc_feat_chi, hex_intersection, hangedman_minor_gate_pass

Skill      XL: |  1  2  3  4  5  6  7  8 |
---------------+-------------------------+-----
Long Blades    | 3 4 5 6 |  6.0
Dodging        | 3 4 5 |  5.9
Fighting       | 3 4 5 6 |  6.1
Invocations    | 2 3 |  3.9
Throwing       | |  1.7

Action                   |  1- 3 |  4- 6 |  7- 9 || total
-------------------------+-------+-------+-------++-------
Melee: Long sword        |   102 |    66 |     6 ||   174
       Dagger            |       |   162 |   181 ||   343
       Kick              |       |       |    27 ||    27
Throw: Throwing net      |       |     1 |     1 ||     2
Evoke: Wand              |       |       |     6 ||     6
  Use: Potion            |       |     2 |       ||     2
 Stab: Sleeping          |       |     2 |       ||     2
       Distracted        |       |       |     2 ||     2
Armor: Leather armour    |    42 |    73 |    38 ||   153
Dodge: Dodged            |    96 |   166 |   128 ||   390
       Rpst.: Long sword |    26 |    14 |       ||    40

Table legend: (Time is in decaauts)
 A = Elapsed time spent in this place.
 B = Non-inter-level travel time spent in this place.
 C = Inter-level travel time spent in this place.
 D = Time resting spent in this place.
 E = Time spent auto-exploring this place.
 F = Levels seen in this place.
 G = Mean time per level.
                   A        B        C        D        E       F      G
               +--------+--------+--------+--------+--------+-----+--------+
         Total |   7204 |   7098 |    106 |   2922 |   3073 |   7 | 1029.1 |
       Dungeon |   7204 |   7098 |    106 |   2922 |   3073 |   7 | 1029.1 |
               +--------+--------+--------+--------+--------+-----+--------+

Top non-repeatable levels by time:
     D:4: 1478 daAuts
     D:3: 1442 daAuts
     D:1: 1058 daAuts
     D:2: 1058 daAuts
     D:6: 1007 daAuts
     D:5: 827 daAuts
     D:7: 332 daAuts
